 Dungeon Crawl Stone Soup version 0.25.0-65-g31bcc41 (webtiles) character file.

595 Dorkslayer the Covered (level 7, -2/44 HPs)
             Began as a Gargoyle Fighter on Nov 14, 2020.
             Slain by an iguana (8 damage)
             ... on level 1 of the Dungeon.
             The game lasted 00:01:45 (553 turns).

Dorkslayer the Covered (Gargoyle Fighter)            Turns: 553, Time: 00:01:46

Health: -2/44      AC: 13    Str: 22    XL:     7   Next: 40%
Magic:  7/7        EV:  8    Int:  8    God:
Gold:   20         SH: 10    Dex:  9    Spells: 6/6 levels left

rFire    . . .     SeeInvis .   h - -3 spear (curse)
rCold    . . .     Gourm    .   c - +0 shield
rNeg     + . .     Faith    .   b - +0 scale mail
rPois    ∞         Spirit   .   (no helmet)
rElec    +         Reflect  .   (no cloak)
rCorr    .         Harm     .   e - +0 pair of gloves
MR       .....                  (no boots)
Stlth    ..........             (no amulet)
HPRegen  0.14/turn              (no ring)
MPRegen  0.10/turn              (no ring)

@: no status effects
A: negative energy resistance 1, electricity resistance, unbreathing,
petrification resistance, rot immunity, AC +4
a: no special abilities


You were on level 1 of the Dungeon.
You were not hungry.

You visited 1 branch of the dungeon, and saw 1 of its levels.

You collected 20 gold pieces.

Inventory:

Hand Weapons
 a - a +0 long sword
 h - a cursed -3 spear (weapon)
Armour
 b - a +0 scale mail (worn)
 c - a +0 shield (worn)
 e - a +0 pair of gloves (worn)
Potions
 d - a potion of might
Comestibles
 f - a ration
 g - 2 chunks of flesh


   Skills:
 + Level 5.2 Fighting
 + Level 3.4 Long Blades
 + Level 0.7 Polearms
 + Level 5.5 Armour
 + Level 1.0 Dodging
 + Level 0.2 Stealth
 + Level 5.0 Shields


You had 6 spell levels left.
You didn't know any spells.
Your spell library was empty.

Dungeon Overview and Level Annotations

Branches:
Dungeon (1/3)
 Temple: D:1

Altars:


Innate Abilities, Weirdness & Mutations

You are resistant to torment.
Your stone body is resilient. (AC +4)
You are immune to poison.
You resist negative energy. (rN+)
You are resistant to electric shocks. (rElec)
You can survive without breathing.
You are immune to petrification.
You are immune to rotting.


Message History

You closely miss the iguana.
The iguana is moderately wounded.
The iguana bites you but does no damage.
You hit the iguana.
The iguana is heavily wounded.
You block the iguana's attack.
Your shield prevents you from hitting the iguana.
The iguana is heavily wounded.
You block the iguana's attack.
You closely miss the iguana.
The iguana is heavily wounded.
The iguana bites you.
* * * LOW HITPOINT WARNING * * *
You closely miss the iguana.
The iguana is heavily wounded.
The iguana closely misses you.
You hit the iguana but do no damage.
The iguana is heavily wounded.
The iguana bites you!
You die...

###
...
#.#
#%#
#l#
#@#
#.#
#.#
..#
####


You could see an iguana.

Vanquished Creatures
  A bullfrog (D:1)
  A hound (D:1)
  A worker ant (D:1)
  An orc (D:1)
  A leopard gecko skeleton (D:1)
5 creatures vanquished.

Notes
Turn   | Place    | Note
-------+----------+-------------------------------------------
     0 | D:1      | Dorkslayer the Gargoyle Fighter began the quest for the
                  | Orb.
     0 | D:1      | Reached XP level 1. HP: 14/14 MP: 1/1
     1 | D:1      | Noticed an orc wizard
     3 | D:1      | Noticed an ice beast
     6 | D:1      | Noticed a bullfrog
    14 | D:1      | Noticed a hound
    16 | D:1      | Reached XP level 2. HP: 19/19 MP: 2/2
    35 | D:1      | Reached XP level 3. HP: 1/24 MP: 3/3
    35 | D:1      | Reached XP level 4. HP: 2/30 MP: 4/4
    35 | D:1      | Reached XP level 5. HP: 2/34 MP: 5/5
   214 | D:1      | Reached skill level 5 in Fighting
   214 | D:1      | Reached skill level 5 in Armour
   214 | D:1      | Reached XP level 6. HP: 19/40 MP: 6/6
   214 | D:1      | Reached XP level 7. HP: 21/44 MP: 7/7
   508 | D:1      | Reached skill level 1 in Dodging
   508 | D:1      | Reached skill level 5 in Shields
   553 | D:1      | Slain by an iguana

Skill      XL: |  1  2  3  4  5  6  7 |
---------------+----------------------+-----
Fighting       | 4 5 |  5.2
Long Blades    | 2 3 |  3.4
Armour         | 4 5 |  5.5
Shields        | 4 5 |  5.0
Dodging        | 1 |  1.0
Polearms       | |  0.7
Stealth        | |  0.2

Action                   |  1- 3 |  4- 6 |  7- 9 || total
-------------------------+-------+-------+-------++-------
Melee: Long sword        |    18 |    12 |       ||    30
       Spear             |       |       |   103 ||   103
  Use: Scroll            |       |       |     2 ||     2
Armor: Scale mail        |    14 |     8 |    44 ||    66
Dodge: Dodged            |     8 |     3 |    26 ||    37
Block: Shield            |     4 |     9 |    49 ||    62
       Rpst.: Long sword |     3 |     1 |       ||     4
